Konchu, lawful female human Valkyrie .---- .....- ..G<... ..hG... h.... ... .@( .@. ..@ Konchu the Skirmisher Experience level: 5 Strength: 15 Dexterity: 14 Constitution: 18 Intelligence: 8 Wisdom: 8 Charisma: 9 Health: 0(51) Energy: 11(11) Def: 10 Gold: 0 Moves: 1801 Dungeon seed: FnA0jPxllHXtaNri Game ID: Konchu_1519831496 Your Inventory: Weapons a - an uncursed thoroughly rusty +1 long sword (weapon in hand) f - an uncursed corroded +1 orcish dagger named Not Cursed (alternate weapon; not wielded) k - 8 uncursed +0 daggers (in quiver) l - 7 cursed +0 crossbow bolts Armor e - a blessed +3 small shield (being worn) w - an uncursed +0 pair of water walking boots z - an uncursed +0 dwarvish cloak A - a blessed +1 chain mail (being worn) Comestibles c - an uncursed food ration h - an uncursed lichen corpse m - 2 uncursed tripe rations u - an uncursed candy bar v - an uncursed cram ration Scrolls g - an uncursed scroll of enchant armor o - an uncursed scroll of identify Potions i - a cursed potion of sickness p - an uncursed potion of hallucination Wands j - an uncursed wand of digging (0:5) Tools d - an uncursed oil lamp (0:1022) t - an uncursed sack x - an uncursed tin opener Gems n - an uncursed worthless piece of violet glass q - an uncursed worthless piece of black glass r - 2 uncursed worthless pieces of yellowish brown glass s - an uncursed worthless piece of red glass y - 2 uncursed worthless pieces of white glass N - 2 uncursed worthless pieces of blue glass Y - an uncursed flint stone Spells and supernatural/magical abilities: Name Level Category Cost Memory W - pray for help -- divine ? -- Your skills at the end: Fighting Skills wands [Basic] Weapon Skills dagger [Basic] long sword [Basic] Spellcasting Skills Final Attributes: You were immune to cold. You were stealthy. You angered your god 68 turns ago. You are dead. Vanquished creatures: 4 gnome lords a little dog a kitten 3 dwarves an acid blob a coyote 2 giant rats a red mold 18 gnomes 2 garter snakes 5 jackals a fox a goblin a sewer rat 2 lichens 4 newts 48 creatures vanquished. Voluntary challenges: You used a wielded weapon 57 times, starting on turn 1. You read items or engraved 1 time, starting on turn 1452. You never genocided any monsters. You never polymorphed an object. You never changed form. You used no wishes. You never split a pudding. You wrote Elbereth's name 1 time, starting on turn 1452. You violated your moral code, losing 51 points of alignment, starting on turn 997. Dungeon overview: The Dungeons of Doom: levels 1 to 2 Level 1 some fountains, a vault a long staircase Level 2 stairs to The Gnomish Mines The Gnomish Mines: levels 3 to 6 Level 3 stairs to The Dungeons of Doom Level 4 Level 5 a fountain Level 6 <- You were here History has recorded: On T:1 you entered the Dungeons of Doom to retrieve the Amulet of Yendor! On T:337 you reached level 2 of The Dungeons of Doom. On T:535 you advanced to experience level 2. On T:796 you reached level 1 of The Gnomish Mines. On T:886 you advanced to experience level 3. On T:959 you advanced to experience level 4. On T:1420 you reached level 2 of The Gnomish Mines. On T:1424 you advanced to experience level 5. On T:1664 you reached level 3 of The Gnomish Mines. On T:1801 you reached level 4 of The Gnomish Mines. Score breakdown: Gold: 0 ( 0 points) Experience: 5 levels (11141 points) Exploration: 6 levels ( 12.00%) ( 9583 points) Discoveries: 2 items ( 0.80%) ( 2688 points) Valuables value: (no points given unless you survive) Artifact value: 0 ( 0 points) Variety of kills: 16 monsters ( 4.21%) ( 6155 points) Turncount: 1801 turns ( 0 points) Survival: died (score multiplied by 80%) Total score: 23653 Latest messages: The sleep ray bounces! The sleep ray hits the watchman! The sleep ray bounces! The watchman is caught in the sleeping gas! [4 turns] You dig a hole through the floor. You fall through... The watchman zaps a wand of sleep! The sleep ray whizzes by you! The sleep ray hits you! The sleep ray hits the watchman! The watchman is caught in the sleeping gas! You are caught in the sleeping gas! The watch captain swings his silver saber at you. The watch captain hits! The watch captain swings his silver saber at you. The watch captain hits! You die... The sack is empty. The sack is empty. Final status: Farvel Konchu the Valkyrie, killed by a watch captain, while sleeping... You died in The Gnomish Mines on dungeon level 6 with 23653 points, and 0 pieces of gold, after 1801 moves. You were level 5 with a maximum of 51 hit points when you died.